 Dungeon Crawl Stone Soup version 0.29.0 (webtiles) character file.

Game seed: 11297407003937505540

14 zenocrate the Trooper (level 2, -3/24 HPs)
             Began as a Demonspawn Fighter on Aug 24, 2022.
             Slain by Sigmund
             ... wielding a +4 scythe of freezing
              (6 damage)
             ... on level 2 of the Dungeon.
             The game lasted 00:00:57 (771 turns).

zenocrate the Trooper (Demonspawn Fighter)           Turns: 771, Time: 00:00:57

Health: -3/24      AC:  7    Str: 16    XL:     2   Next: 31%
Magic:  2/2        EV:  9    Int:  9    God:
Gold:   32         SH:  4    Dex: 12    Spells: 1/1 levels left

rFire   . . .      SeeInvis .     - Unarmed
rCold   . . .      Faith    .   b - +0 buckler
rNeg    . . .      Spirit   .   a - +0 scale mail
rPois   .          Reflect  .   (no helmet)
rElec   .          Harm     .   d - +0 cloak
rCorr   .          Rampage  .   (no gloves)
Will    .....                   (no boots)
Stlth   ..........              (no amulet)
HPRegen 0.08/turn               (no ring)
MPRegen 0.08/turn               (no ring)

@: mighty
A: demonic touch 1
a: no special abilities


You were on level 2 of the Dungeon.
You visited 1 branch of the dungeon, and saw 2 of its levels.

You collected 32 gold pieces.

Inventory:

Armour
 a - a +0 scale mail (worn)
 b - a +0 buckler (worn)
 d - a +0 cloak (worn)
Scrolls
 f - 2 scrolls of identify {unknown}
 g - a scroll of summoning {unknown}
 h - a scroll of poison {unknown}
Potions
 c - 2 potions of might
 e - a potion of curing {unknown}


   Skills:
 - Level 3.0 Fighting
 - Level 2.6 Armour
 - Level 1.0 Dodging
 - Level 2.6 Shields
 + Level 2.2 Unarmed Combat
 + Level 0.3 Spellcasting


You had one spell level left.
You didn't know any spells.
Your spell library was empty.

Dungeon Overview and Level Annotations

Branches:
Dungeon (2/15)

Altars:
Nemelex Xobeh

Annotations:
D:2 Sigmund


Innate Abilities, Weirdness & Mutations

Your touch may inflict minor irresistible damage on your foes.


Message History

A bat is nearby!
You hit the bat but do no damage. The bat hits you.
The bat hits you but does no damage. The bat barely misses you.
The bat hits you but does no damage.
Found 12 gold pieces.
The bat closely misses you.
You hit the bat but do no damage. The bat barely misses you.
You hit the bat.
You kill the bat!
No target in view!
No target in view!
You now have 32 gold pieces (gained 12).
You see here a bat corpse.
Key pressed, stopping explore.
Done exploring.
Done exploring.
Done exploring.
Done exploring.
Done exploring.
There is a stone staircase leading down here.
You climb downwards.
Sigmund shouts!
Found 17 gold pieces.
Found a sparkling altar of Nemelex Xobeh.
There is a stone staircase leading up here.
You feel very mighty all of a sudden.
Sigmund mumbles some strange words.
Sigmund flickers and vanishes!
Deactivating autopickup; reactivate with Ctrl-A.
Something hits you. Something freezes you.
You miss something. You miss something. Something hits you.
Something freezes you.
You barely miss something. You punch something! Something hits you.
Something freezes you.
You hit something. Something hits you.
* * * LOW HITPOINT WARNING * * *
Something freezes you.
* * * LOW HITPOINT WARNING * * *
You punch something! You closely miss something. Something hits you.
You die...

... ... ###.#
#....
###.#.#######.
#.............
###....{........
....._.@........
###.....<.......
#.......######
##.#.$### #.##.#
# #.# #.. ###


There were no monsters in sight!

Vanquished Creatures
  4 bats (D:1)
  2 giant cockroaches (D:1)
  A hobgoblin (D:1)
  3 frilled lizards (D:1)
  2 kobolds (D:1)
  2 rats (D:1)
14 creatures vanquished.

Notes
Turn   | Place    | Note
-------+----------+-------------------------------------------
     0 | D:1      | zenocrate the Demonspawn Fighter began the quest for the
                  | Orb.
     0 | D:1      | Reached XP level 1. HP: 18/18 MP: 1/1
   307 | D:1      | Reached skill level 1 in Dodging
   307 | D:1      | Gained mutation: Your touch may inflict minor irresistible
                  | damage on your foes. [demonic ancestry]
   307 | D:1      | Reached XP level 2. HP: 23/24 MP: 2/2
   762 | D:2      | Noticed Sigmund
   762 | D:2      | Found a sparkling altar of Nemelex Xobeh.
   771 | D:2      | Slain by Sigmund

Illustrated notes

Levels and vault maps discovered:
D:1:      ncdulo_lavacross, layout_loops_ring, minmay_tetromino_s2
D:2:      layout_basic, shapermc_ecumenical_altar_mp_highgroup, basic_altar,
          uniq_sigmund, uniq_robin

Skill      XL: |  1 |
---------------+----+-----
Unarmed Combat | 2 |  2.2
Dodging        | 1 |  1.0
Fighting       | |  3.0
Armour         | |  2.6
Shields        | |  2.6
Spellcasting   | |  0.3

Action                   || total
-------------------------++-------
Melee: Unarmed           ||    91
  Use: Potion            ||     1
Armor: Scale mail        ||    58
Dodge: Dodged            ||    54
Block: Buckler           ||    24
